 Dungeon Crawl Stone Soup version 0.13.0-18-g7b03ea5 (webtiles) character file.

243 MDvedh the Poker (level 4, 0/34 HPs)
             Began as a Merfolk Abyssal Knight on Oct 22, 2013.
             Was a Believer of Lugonu.
             Killed by a spatial distortion (3 damage)
             ... on Level 3 of the Dungeon.
             The game lasted 00:06:18 (2379 turns).

MDvedh the Poker (Merfolk Abyssal Knight)           Turns: 2379, Time: 00:06:19

HP   0/34        AC  3     Str 12      XL: 4   Next: 31%
MP   4/5         EV 11     Int 11      God: Lugonu [**....]
Gold 168         SH  0     Dex 14      Spells:  0 memorised,  3 levels left

Res.Fire  : . . .   See Invis. : .   a - +2 spear {=f}
Res.Cold  : . . .   Warding    : .   b - +0 leather armour
Life Prot.: . . .   Conserve   : .   (no shield)
Res.Poison: .       Res.Corr.  : .   (no helmet)
Res.Elec. : .       Clarity    : .   (no cloak)
Sust.Abil.: . .     Spirit.Shd : .   (no gloves)
Res.Mut.  : .       Stasis     : .   (no boots)
Res.Rott. : .       Flight     : .   (no amulet)
Saprovore : . . .                    (no ring)
                                     (no ring)

@: slightly resistant to hostile enchantments, unstealthy
A: change form in water, swift swim
a: Depart the Abyss, Bend Space, Renounce Religion


You were on level 3 of the Dungeon.
You worshipped Lugonu.
Lugonu was pleased with you.
You were hungry.

You visited 1 branch of the dungeon, and saw 3 of its levels.
You visited the Abyss 1 time.

You collected 148 gold pieces.

Inventory:

Hand weapons
 a - a +2,+2 spear (weapon) {=f}
Armour
 b - a +0 leather armour (worn)
Comestibles
 c - 2 bread rations
 q - 2 chokos
Scrolls
 d - 2 scrolls of amnesia {unknown}
 h - a scroll of random uselessness {unknown}
 i - 4 scrolls of identify {unknown}
 j - a scroll of curse weapon {unknown}
 l - 2 scrolls of teleportation {unknown}
 m - a scroll of noise {unknown}
 o - a scroll of fog {unknown}
 p - a scroll of curse armour {unknown}
 u - 2 scrolls of remove curse {unknown}
 v - a scroll of enchant weapon I {unknown}
Potions
 e - a potion of mutation {unknown}
 f - a potion of restore abilities {unknown}
 g - 5 potions of curing
 k - 2 potions of magic {unknown}
 n - a potion of degeneration {unknown}
 r - a potion of might {unknown}
 s - a potion of confusion {unknown}
 t - 2 potions of poison {unknown}


   Skills:
 - Level 3.2 Fighting
 + Level 6.4 Polearms
 - Level 0.6 Armour
 - Level 2.6 Dodging
 - Level 2.0 Invocations


You had 3 spell levels left.
You didn't know any spells.

Dungeon Overview and Level Annotations

Branches:
Dungeon (3/27)

Altars:

Annotations:
D:3 Purgy


Message History

You are feeling hungry.
The goblin unwields an uncursed orcish dagger.
The goblin wields an uncursed sling.
The goblin shoots a stone.
The stone hits you!
* * * LOW HITPOINT WARNING * * *
Unknown command.
Drink which item? (? for menu, Esc to quit)
Okay, then.
Unknown command.
Unknown command.
Drink which item? (? for menu, Esc to quit)
You feel better.
It was a potion of curing.
You are feeling hungry.
The goblin shoots a stone.
The stone misses you. Purgy bites you!
* * * LOW HITPOINT WARNING * * *
Purgy claws you but does no damage. Purgy misses you.
Use which ability? (? or * to list) Space bends around you!
You blink.
You die...

#.........# #....
#.........# #....
#.....(...# #....
#....g....# ###....
#....T....# #......
#....ยง...># #.#....
#.(..!...(# ##.#....
#........(###..#....
+..@......'...##....
#.........######....
######+#### #####
### #.. #'# #...
#...


You could see Purgy and a goblin.

Vanquished Creatures
  A gnoll (D:1)
  2 oozes (D:1)
  3 orcs (D:3)
  3 ball pythons (D:1)
  7 goblins
  9 hobgoblins
  9 jackals
  6 kobolds
  7 bats
  5 giant newts
  2 rats
54 creatures vanquished.

Notes
Turn   | Place    | Note
--------------------------------------------------------------
     0 | Abyss:1  | MDvedh, the Merfolk Abyssal Knight, began the quest for the Orb.
     0 | Abyss:1  | Reached XP level 1. HP: 16/16 MP: 1/1
    29 | Abyss:1  | Noticed a spatial maelstrom
    29 | Abyss:1  | Noticed a spatial vortex
    30 | Abyss:1  | Noticed a spatial vortex
    30 | Abyss:1  | Noticed a spatial vortex
    31 | Abyss:1  | Noticed a spatial vortex
    33 | D:1      | Escaped the Abyss
   337 | D:1      | Acquired Lugonu's first power
   342 | D:1      | Reached skill level 4 in Polearms
   342 | D:1      | Reached XP level 2. HP: 19/22 MP: 2/2
   831 | D:1      | Reached skill level 5 in Polearms
   831 | D:1      | Reached XP level 3. HP: 20/28 MP: 4/4
  1510 | D:2      | Acquired Lugonu's second power
  1681 | D:2      | Reached skill level 6 in Polearms
  1809 | D:2      | Reached XP level 4. HP: 34/34 MP: 5/5
  2321 | D:3      | Noticed Purgy
  2379 | D:3      | Killed by a spatial distortion

Action                   |  1- 3 |  4- 6 || total
-------------------------+-------+-------++-------
Melee: Spear             |   129 |    58 ||   187
Invok: Depart the Abyss  |     1 |       ||     1
       Bend Space        |       |     2 ||     2
  Use: Potion            |       |     1 ||     1
